AoeStats
← Hello World

Arena

509228861Analyzed
4v4 RM · 7d ago on Sep 26, 2026· 53m 41s· 8 players
Game mode
Random Map
Map size
Large (8 player)
Population
200
Speed
Normal
Resources
Standard
Victory
Conquest
Starting age
Dark Age
Ending age
Imperial Age
RankedLock teamsTeams togetherTeam positionsShared explorationLock speedFull tech treeHidden civsTurbo modeCheats
Victory
Defeat
🇺🇸 Franks · United States
1114
+12
🇬🇹 Aztecs · Guatemala
1109
+12
🇨🇱 Poles · Chile
1082
+13
🇺🇸 Hindustanis · United States
1010
+16
🇨🇱 Mongols · Chile
1044
-14
🇭🇰 Saxons · Hong Kong SAR China
1036
-14
🇲🇽 Hindustanis · Mexico
1035
-14
🇨🇴 Goths · Colombia
961
-11
adrazduarte
9:54 Feudal Age
14:30 Castle Age
12:49 Double-Bit Axe
14:11 Horse Collar
15:17 Loom
16:01 Bow Saw
20:36 Squires
22:03 Scale Mail Armor
25:05 Wheelbarrow
25:39 Town Watch
30:34 Imperial Age
29:27 Chain Mail Armor
29:49 Arson
30:15 Forging
30:32 Gold Mining
30:37 Stone Mining
31:56 Iron Casting
33:49 Blast Furnace
32:37 Elite Ghulam
33:59 Conscription
37:10 Heavy Camel Rider
38:02 Bloodlines
38:00 Scale Barding Armor
38:50 Imperial Camel Rider
39:31 Husbandry
39:54 Chain Barding Armor
39:40 Heavy Plow
41:45 Plate Barding Armor
44:38 Fletching
45:31 Light Cavalry
47:30 Chemistry
47:04 Hand Cart
46:50 Town Patrol
47:39 Gold Shaft Mining
46:55 Hussar
ArTung
0:27 Loom
10:54 Feudal Age
15:28 Castle Age
13:38 Double-Bit Axe
14:17 Horse Collar
15:12 Gold Mining
20:22 Town Watch
21:28 Bow Saw
23:48 Fletching
24:39 Redemption
26:06 Wheelbarrow
29:11 Heavy Plow
34:28 Imperial Age
33:31 Stone Mining
34:17 Gold Shaft Mining
36:25 Fortified Wall
jjvirguezc
1:23 Loom
10:33 Feudal Age
11:08 Double-Bit Axe
11:37 Horse Collar
17:09 Castle Age
15:46 Gold Mining
16:23 Stone Mining
21:02 Heavy Plow
22:10 Wheelbarrow
24:43 Pikeman
25:28 Scale Mail Armor
27:30 Bow Saw
30:35 Imperial Age
29:46 Hand Cart
30:18 Chain Mail Armor
30:14 Forging
29:56 Fletching
30:43 Anarchy
31:48 Crop Rotation
31:03 Man-at-Arms
31:53 Perfusion
33:15 Two-Man Saw
31:52 Long Swordsman
32:48 Squires
33:35 Iron Casting
34:19 Halberdier
36:30 Blast Furnace
37:26 Two-Handed Swordsman
39:28 Stone Shaft Mining
39:00 Champion
46:00 Chemistry
45:22 Ballistics
the._.voice
8:57 Feudal Age
9:35 Double-Bit Axe
12:53 Wheelbarrow
16:02 Castle Age
18:14 Loom
23:37 Fletching
25:51 Bodkin Arrow
30:27 Scale Mail Armor
30:48 Pikeman
31:28 Squires
32:12 Forging
36:30 Hand Cart
38:00 Chain Mail Armor
38:20 Iron Casting
38:00 Chain Mail Armor
38:06 Bow Saw
39:53 Arson
40:56 Gold Mining
41:10 Husbandry
41:20 Bloodlines
41:13 Light Cavalry
44:17 Horse Collar
46:50 Scale Barding Armor
Hello World
11:29 Feudal Age
15:17 Castle Age
13:43 Double-Bit Axe
15:24 Gold Mining
16:03 Scale Barding Armor
24:42 Bow Saw
25:52 Loom
26:31 Forging
28:48 Wheelbarrow
29:19 Chain Barding Armor
29:45 Town Watch
31:09 Iron Casting
31:04 Husbandry
35:55 Imperial Age
34:26 Fletching
35:59 Cavalier
38:07 Blast Furnace
38:20 Plate Barding Armor
38:05 Stone Mining
37:49 Paladin
39:15 Gold Shaft Mining
39:09 Hand Cart
38:57 Town Patrol
43:21 Fortified Wall
46:01 Conscription
45:33 Gambesons
45:48 Squires
45:34 Arson
45:51 Scale Mail Armor
46:14 Elite Throwing Axeman
47:12 Chain Mail Armor
48:26 Plate Mail Armor
47:55 Bodkin Arrow
50:24 Murder Holes
51:30 Chemistry
50:51 Ballistics
51:05 Treadmill Crane
Dinutuximab
10:55 Feudal Age
14:50 Castle Age
12:35 Horse Collar
13:00 Double-Bit Axe
13:37 Gold Mining
13:41 Loom
21:16 Loom
22:11 Husbandry
22:23 Bloodlines
24:29 Heavy Plow
27:42 Imperial Age
26:18 Wheelbarrow
27:37 Bow Saw
29:38 Forging
29:35 Scale Barding Armor
29:08 Heavy Camel Rider
31:01 Iron Casting
31:33 Hand Cart
32:15 Chain Barding Armor
33:49 Ballistics
34:29 Chemistry
34:35 Gold Shaft Mining
35:28 Conscription
36:57 Plate Barding Armor
37:23 Blast Furnace
36:13 Fletching
36:52 Shatagni
42:56 Imperial Camel Rider
45:19 Bodkin Arrow
48:14 Town Watch
53:33 Town Patrol
52:56 Heavy Cavalry Archer
53:40 Scale Mail Armor
53:41 Bracer
53:42 Padded Archer Armor
53:37 Guard Tower
53:58 Fortified Wall
53:43 Murder Holes
53:59 Clinker Construction
Locomaxi
5:11 Loom
11:09 Feudal Age
15:46 Castle Age
13:57 Double-Bit Axe
17:21 Horse Collar
25:18 Wheelbarrow
24:29 Town Watch
25:06 Heavy Plow
26:09 Bow Saw
28:21 Hand Cart
31:59 Imperial Age
30:40 Szlachta Privileges
30:43 Scale Barding Armor
31:25 Forging
31:54 Bloodlines
31:46 Husbandry
31:29 Treadmill Crane
33:01 Conscription
32:14 Cavalier
32:30 Capped Ram
34:22 Chemistry
33:28 Siege Engineers
35:09 Chain Barding Armor
35:35 Crop Rotation
35:04 Gold Mining
37:25 Iron Casting
37:16 Ballistics
38:12 Siege Ram
38:48 Elite Obuch
40:31 Blast Furnace
39:25 Stone Mining
45:18 Scale Mail Armor
45:08 Fletching
46:00 Squires
45:45 Arson
47:45 Chain Mail Armor
50:12 Plate Mail Armor
50:55 Bodkin Arrow
51:14 Masonry
52:47 Light Cavalry
Jaffeth15
11:52 Feudal Age
16:34 Castle Age
14:52 Double-Bit Axe
14:49 Horse Collar
15:28 Loom
16:08 Gold Mining
18:00 Town Watch
18:50 Wheelbarrow
20:16 Hand Cart
23:15 Fervor
25:29 Redemption
31:06 Imperial Age
30:31 Gold Shaft Mining
30:25 Scale Mail Armor
33:08 Chain Mail Armor
34:06 Conscription
34:39 Arson
34:55 Squires
35:35 Elite Jaguar Warrior
37:00 Sanctity
37:41 Stone Mining
38:39 Heavy Plow
40:05 Chemistry
40:26 Plate Mail Armor
40:13 Forging
41:16 Garland Wars
41:26 Fletching
43:00 Town Patrol
43:40 Iron Casting
45:00 Bow Saw
45:23 Crop Rotation
45:30 Stone Shaft Mining
45:58 Blast Furnace
45:21 Ballistics
44:57 Murder Holes
49:54 Bodkin Arrow
50:00 Padded Archer Armor
49:43 Treadmill Crane
50:19 Atlatl
50:05 Crossbowman
50:07 Elite Skirmisher
51:30 Heresy
51:45 Theocracy
51:06 Herbal Medicine
51:11 Devotion
51:37 Illumination
51:27 Block Printing
51:13 Atonement
52:07 Bracer
52:23 Leather Archer Armor
Connection lost

Rejoining the realm…

Still unreachable

The connection could not be restored.

Session expired

The server has moved on; the page needs a fresh start.